 Dungeon Crawl Stone Soup version 0.21-a0-616-g6d9b277d69 (webtiles) character file.

39 4tharraofdagon the Gusty (level 3, -9/16 HPs)
             Began as a Spriggan Air Elementalist on Dec 23, 2017.
             Killed by nerve-wracking pain
             ... invoked by an orc priest
              (13 damage)
             ... on level 5 of the Dungeon.
             The game lasted 00:03:06 (545 turns).

4tharraofdagon the Gusty (Spriggan Air Elementalist) Turns: 545, Time: 00:03:06

Health: -9/16      AC:  2    Str:  4    XL:     3   Next: 28%
Magic:  9/9        EV: 18    Int: 17    God:
Gold:   88         SH:  0    Dex: 16    Spells: 8/9 levels left

rFire    . . .     SeeInvis +   f - +2 mace (protect)
rCold    . . .     Gourm    .   (shield restricted)
rNeg     . . .     Faith    .   g - +0 robe
rPois    .         Spirit   .   (helmet restricted)
rElec    .         Reflect  .   (no cloak)
rCorr    .         Harm     .   (gloves unavailable)
MR       .....                  (boots unavailable)
Stlth    ++........             (no amulet)
HPRegen  0.05/turn              (no ring)
MPRegen  0.11/turn              (no ring)

@: very quick
A: very small, unfitting armour, see invisible, herbivore, speed 3, slow
metabolism 2
a: no special abilities


You were on level 5 of the Dungeon.
You were not hungry.

You visited 1 branch of the dungeon, and saw 6 of its levels.

You collected 88 gold pieces.

Inventory:

Hand Weapons
 d - a +0 dagger
 f - a +2 mace of protection (weapon)
Armour
 a - a +0 robe
 g - a +0 robe (worn)
Books
 b - a book of Air

   Spells                             Type                      Level
   a - Shock                          Conjuration/Air              1
   b - Swiftness                      Charms/Air                   2
   c - Static Discharge               Conjuration/Air              3
   d - Airstrike                      Air                          4
   e - Lightning Bolt                 Conjuration/Air              5
Comestibles
 c - 2 rations


   Skills:
 - Level 3.0 Dodging
 - Level 3.0 Stealth
 + Level 3.5 Spellcasting
 - Level 0.6 Conjurations
 * Level 3.6 Air Magic


You had 8 spell levels left.
You knew the following spells:

 Your Spells              Type           Power        Failure   Level  Hunger
a - Shock                 Conj/Air       ##..         7%          1    None


Dungeon Overview and Level Annotations

Branches:
Dungeon (6/15)
 Temple: D:4-7

Altars:


Innate Abilities, Weirdness & Mutations

You are very small and have problems with some larger weapons.
You are too small for most types of armour.
You have supernaturally acute eyesight. (SInv)
You are a herbivore.
You cover ground extremely quickly.
You need consume almost no food.


Message History

Beogh smites you!
Ouch! That really hurt!
* * * LOW HITPOINT WARNING * * *
Unknown command.
Unknown command.
Things that are here:
a mace; an orc corpse Unknown command.
You see here 5 arrows.
Unknown command.
As you read the scroll labeled ABIZEMENIKK, it crumbles to dust.
You assume a fearsome visage.
Nothing appears to happen.
It was a scroll of fear.
You see here 5 arrows.
Unknown command.
Unknown command.
The orc priest invokes the aid of Beogh against you.
Pain shoots through your body!
Ouch! That really hurt!
You die...

###.(...#
...(....##
###...((.####
............###
..o.#.#.#....>#
......#o..#.#)#
#....o...##.#.####
.........#..o....##
...........#####@.#
...<.....#.# #..#
##.......#.# #..#
##.......#.# #..#
##.......#.#####..#
##.......#........#
#.......####..####
##########..#....#
###########.###.#.#


You could see an orc priest.

Vanquished Creatures
  Jessica (D:2)
  An adder skeleton (D:4)
  A leopard gecko (D:2)
  3 orcs (D:5)
  A quokka (D:3)
  A rat (D:3)
8 creatures vanquished.

Notes
Turn   | Place    | Note
-------+----------+-------------------------------------------
     0 | D:1      | 4tharraofdagon the Spriggan Air Elementalist began the quest for the Orb.
     0 | D:1      | Reached XP level 1. HP: 9/9 MP: 5/5
    22 | D:2      | Noticed Jessica
    31 | D:2      | Killed Jessica
    31 | D:2      | Reached XP level 2. HP: 13/13 MP: 0/7
   133 | D:3      | Reached XP level 3. HP: 7/16 MP: 5/8
   258 | D:5      | Entered Level 5 of the Dungeon
   391 | D:6      | Noticed an orc warrior
   401 | D:6      | Noticed a bullfrog
   417 | D:5      | Noticed an ogre
   545 | D:5      | Killed from afar by an orc priest

Vault maps used:
D:1:      dpeg_arrival_three_bigger_balls
D:2:      first_ration, uniq_jessica
D:3:      grunt_qazlal_clouds, uniq_grinder
D:4:      lemuel_coloured_pillars_altar, old_standard_altar,
          nicolae_overflow_crystal_walls, minmay_temple_entry_glassed_door,
          uniq_robin, uniq_edmund
D:5:      nicolae_overflow_hidden_temple
D:6:      uniq_blork_the_orc, uniq_sigmund

Skill      XL: |  1 |
---------------+----+-----
Spellcasting   | 3 |  3.5
Air Magic      | 3 |  3.6
Dodging        | |  3.0
Stealth        | |  3.0
Conjurations   | |  0.6

Action                   || total
-------------------------++-------
Melee: Dagger            ||    14
       Mace              ||     1
 Cast: Shock             ||    18
  Use: Scroll            ||     2
 Stab: Sleeping          ||     1
Armor: Robe              ||     2
Dodge: Dodged            ||    40

Table legend:
 A = Spawn XP
 B = Non-spawn XP
 C = Spawn XP percentage of total XP
 D = Spawn monster count
 E = Non-spawn monster count
 F = Spawn count percentage of total count
 G = Total turns spent on level
                    A         B        C        D         E        F      G
               +---------+---------+-------+---------+---------+-------+---------
         Total |       0 |      57 |   0.0 |       0 |       8 |   0.0 |   545
               +---------+---------+-------+---------+---------+-------+---------
           D:2 |       0 |      40 |   0.0 |       0 |       2 |   0.0 |    92
           D:3 |       0 |       3 |   0.0 |       0 |       2 |   0.0 |   104
           D:4 |       0 |       5 |   0.0 |       0 |       1 |   0.0 |    40
           D:5 |       0 |       9 |   0.0 |       0 |       3 |   0.0 |   263
               +---------+---------+-------+---------+---------+-------+---------

Vault maps used:
D:1:      dpeg_arrival_three_bigger_balls
D:2:      first_ration, uniq_jessica
D:3:      grunt_qazlal_clouds, uniq_grinder
D:4:      lemuel_coloured_pillars_altar, old_standard_altar,
          nicolae_overflow_crystal_walls, minmay_temple_entry_glassed_door,
          uniq_robin, uniq_edmund
D:5:      nicolae_overflow_hidden_temple
D:6:      uniq_blork_the_orc, uniq_sigmund
